 Dungeon Crawl Stone Soup version 0.22.1-2-g9c5b331 (webtiles) character file.

2603 nightchill the Grappler (level 9, -8/80 HPs)
             Began as a Ghoul Warper on Nov 23, 2018.
             Was a Believer of Makhleb.
             Mangled by Prince Ribbit (9 damage)
             ... on level 7 of the Dungeon.
             The game lasted 00:25:08 (7600 turns).

nightchill the Grappler (Ghoul Warper)              Turns: 7600, Time: 00:25:09

Health: -8/80      AC:  4    Str: 16    XL:     9   Next: 59%
Magic:  11/11      EV: 11    Int: 15    God:    Makhleb [**....]
Gold:   327        SH:  0    Dex:  8    Spells: 11/11 levels left

rFire    . . .     SeeInvis .     - Unarmed
rCold    + . .     Gourm    .   (no shield)
rNeg     + + +     Faith    .   j - +0 troll leather armour {Purgy}
rPois    ∞         Spirit   .   (no helmet)
rElec    .         Reflect  .   (no cloak)
rCorr    .         Harm     .   (no gloves)
MR       .....                  (no boots)
Stlth    +.........             (no amulet)
HPRegen  0.00/turn              (no ring)
MPRegen  0.12/turn              (no ring)

@: brilliant, rotting
A: rotting body, claws 1, carnivore, cold resistance 1, negative energy
resistance 3, inhibited regeneration, torment resistance, unbreathing
a: Minor Destruction, Renounce Religion


You were on level 7 of the Dungeon.
You worshipped Makhleb.
Makhleb was pleased with you.
You were not hungry.

You visited 2 branches of the dungeon, and saw 8 of its levels.
You also visited: Sewer.

You collected 327 gold pieces.

Inventory:

Hand Weapons
 n - a +2 hunting sling
Missiles
 d - 4 tomahawks of dispersal
 e - 173 stones (quivered)
 x - 42 sling bullets
Armour
 a - a +0 leather armour
 j - a +0 troll leather armour (worn) {Purgy}
 y - a +1 pair of boots
 F - a +0 ring mail of fire resistance
Jewellery
 b - an uncursed ring of fire {unknown}
 m - a +3 ring of dexterity {unknown}
 p - a +4 ring of intelligence {unknown}
 t - a +2 ring of intelligence {unknown}
 H - a +1 ring of evasion {unknown}
Wands
 q - a wand of polymorph (13)
 z - a wand of paralysis (8)
 C - a wand of random effects (20)
Scrolls
 c - 2 scrolls of blinking
 g - 2 scrolls of immolation
 l - 4 scrolls of teleportation
 r - a scroll of fear
 v - 4 scrolls of remove curse
 B - a scroll of enchant armour
 E - a scroll of fog {unknown}
Potions
 i - a potion of mutation {unknown}
 k - 2 potions of resistance {unknown}
 o - 2 potions of curing {unknown}
 s - 2 potions of brilliance
 u - a potion of cancellation {unknown}
 w - a potion of ambrosia {unknown}
 A - 3 potions of flight {unknown}
 G - a potion of berserk rage {unknown}
Miscellaneous
 D - a lamp of fire
Comestibles
 f - 10 rations


   Skills:
 + Level 7.7 Fighting
 - Level 0.8 Throwing
 - Level 0.8 Armour
 - Level 1.7 Dodging
 * Level 10.7 Unarmed Combat
 - Level 1.7 Spellcasting
   Level 2.6 Translocations
 + Level 5.1 Invocations


You had 11 spell levels left.
You didn't know any spells.
Your spell library contained the following spells:

 Spells                   Type           Power        Failure   Level  Hunger
 Apportation              Tloc           ###...       1%          1    ##.....
 Blink                    Tloc           N/A          1%          2    ###....
 Animate Skeleton         Necr           N/A          3%          1    ##.....
 Confusing Touch          Hex            ##....       3%          1    ##.....
 Freeze                   Ice            ##..         3%          1    ##.....
 Summon Small Mammal      Summ           ##..         3%          1    ##.....
 Shroud of Golubria       Chrm/Tloc      ##........   3%          2    ###....
 Gell's Gravitas          Tloc           ###.......   3%          3    ####...
 Lesser Beckoning         Tloc           ###.......   3%          3    ####...
 Teleport Other           Tloc           ###.....     3%          3    ####...
 Throw Frost              Conj/Ice       ##....       4%          2    ###....
 Ozocubu's Armour         Chrm/Ice       ##......     10%         3    ####...
 Passage of Golubria      Tloc           N/A          11%         4    #####..
 Summon Ice Beast         Ice/Summ       ##......     26%         4    #####..
 Throw Icicle             Conj/Ice       ##......     26%         4    #####..


Dungeon Overview and Level Annotations

Branches:
Dungeon (7/15)             Temple (1/1) D:5

Altars:
Ashenzari
Cheibriados
Dithmenos
Elyvilon
Fedhas
Gozag
Hepliaklqana
Kikubaaqudgha
Makhleb
Nemelex Xobeh
Okawaru
Qazlal
Ru
Sif Muna
Trog
Uskayaw
Vehumet
Xom
Yredelemnul
Zin
The Shining One

Annotations:
D:4 exclusion: 2 downstairs
D:5 exclusion: 2 downstairs
D:7 Dowan, Duvessa, Prince Ribbit


Innate Abilities, Weirdness & Mutations

Your body is rotting away.
You thrive on raw meat.
You are immune to poison.
You have sharp fingernails.
You are carnivorous and can eat meat at any time.
Your flesh is cold resistant. (rC+)
You are immune to negative energy. (rN+++)
You do not regenerate when monsters are visible.
You are immune to unholy pain and torment.
You can survive without breathing.


Message History

You claw Prince Ribbit!
Prince Ribbit is severely wounded.
Prince Ribbit hops awkwardly around.
Prince Ribbit closely misses you.
You barely miss Prince Ribbit. Your claw misses Prince Ribbit.
Prince Ribbit is severely wounded.
Prince Ribbit hits you!
* * * LOW HITPOINT WARNING * * *
Okay, then.
It was a potion of brilliance.
You feel clever all of a sudden. Prince Ribbit misses you.
You miss Prince Ribbit.
Prince Ribbit is severely wounded.
Prince Ribbit hits you!
* * * LOW HITPOINT WARNING * * *
Press: ? - help, Shift-Dir - straight line, f - Prince Ribbit
Aim: Prince Ribbit (severely wounded)
The zap misses Prince Ribbit.
Prince Ribbit hits you!
You die...

[##...# ..#..
#.#.####### #
.#.......
+#.####......# .
..%........._#...
#.............
#...:@F...#
#.........#
...%.........#
...###........#
.. +.......## #
#.......#
#.......#
#.<.....#


You could see Prince Ribbit.

Vanquished Creatures
  Sigmund (D:6)
  Menkaure (D:6)
  Edmund (D:6)
  Purgy (Sewer)
  3 sky beasts
  A black bear (D:6)
  3 ice beasts (D:6)
  A phantom (D:6)
  2 ogres
  A centaur (D:5)
  A bullfrog (D:6)
  2 howler monkeys
  5 crimson imps
  A centaur zombie (D:6)
  A bullfrog zombie (D:6)
  An orc priest (D:4)
  5 hounds
  2 iguanas (D:6)
  4 orc wizards
  4 worker ants
  A hound zombie (D:6)
  15 adders
  A shadow imp (D:6)
  2 oozes (D:2)
  An adder skeleton (D:6)
  2 worms
  4 dart slugs
  9 leopard geckos
  13 orcs
  2 bats
  8 giant cockroaches
  13 goblins
  10 hobgoblins
  14 jackals
  11 kobolds
  3 quokkas
  14 frilled lizards
  A leopard gecko skeleton (D:4)
  A quokka zombie (D:5)
  15 rats
181 creatures vanquished.

Vanquished Creatures (others)
  A jackal (D:1)
1 creature vanquished.

Grand Total: 182 creatures vanquished

Notes
Turn   | Place    | Note
-------+----------+-------------------------------------------
     0 | D:1      | nightchill the Ghoul Warper began the quest for the Orb.
     0 | D:1      | Reached XP level 1. HP: 17/17 MP: 2/2
   180 | D:1      | Reached XP level 2. HP: 11/25 MP: 3/3
   558 | D:1      | Reached skill level 3 in Unarmed Combat
   984 | D:1      | Reached XP level 3. HP: 30/30 MP: 4/4
  1414 | D:2      | Reached XP level 4. HP: 37/38 MP: 5/5
  1429 | D:2      | Reached skill level 4 in Unarmed Combat
  1445 | D:2      | Found a hide-covered altar of Uskayaw.
  1447 | D:2      | Found a deep blue altar of Sif Muna.
  1447 | D:2      | Found a glowing silver altar of Zin.
  1454 | D:2      | Found a shimmering altar of Xom.
  1454 | D:2      | Found a blossoming altar of Fedhas.
  1454 | D:2      | Found a shimmering altar of Xom.
  1866 | D:2      | Reached XP level 5. HP: 39/45 MP: 6/6
  2504 | D:3      | Found a basalt altar of Yredelemnul.
  2546 | D:3      | Reached skill level 5 in Unarmed Combat
  2575 | D:3      | Found a bloodstained altar of Trog.
  3031 | D:5      | Entered Level 5 of the Dungeon
  3031 | D:5      | Noticed a sky beast
  3108 | D:5      | Found a sacrificial altar of Ru.
  3171 | D:5      | Noticed a sky beast
  3183 | D:5      | Killed a sky beast
  3183 | D:5      | Reached skill level 6 in Unarmed Combat
  3183 | D:5      | Reached XP level 6. HP: 17/53 MP: 7/7
  3432 | D:5      | Reached XP level 7. HP: 44/60 MP: 8/8
  3568 | D:5      | Found a glowing drain.
  3626 | Sewer    | Entered a sewer
  3775 | Sewer    | Reached skill level 5 in Fighting
  3839 | Sewer    | Noticed Purgy
  3880 | Sewer    | Killed Purgy
  3880 | Sewer    | Reached skill level 7 in Unarmed Combat
  3944 | Sewer    | Found the +8 lance "Wyrmbane" {slay drac, rPois rF+ rC+
                  | AC+3}
  4120 | D:5      | Found a snail-covered altar of Cheibriados.
  4153 | D:5      | Found a staircase to the Ecumenical Temple.
  4169 | Temple   | Entered the Ecumenical Temple
  4348 | Temple   | Became a worshipper of Makhleb the Destroyer
  4831 | D:4      | Reached skill level 1 in Invocations
  4847 | D:4      | Reached skill level 8 in Unarmed Combat
  4907 | D:4      | Reached XP level 8. HP: 70/70 MP: 9/9
  5497 | D:5      | Reached * piety under Makhleb
  6227 | D:6      | Noticed Sigmund
  6298 | D:6      | Reached skill level 9 in Unarmed Combat
  6307 | D:6      | Noticed Edmund
  6582 | D:6      | Noticed Menkaure
  6584 | D:6      | Killed Menkaure
  6654 | D:6      | Killed Sigmund
  6654 | D:6      | Reached XP level 9. HP: 78/78 MP: 10/10
  6793 | D:6      | Reached skill level 10 in Unarmed Combat
  6956 | D:6      | Killed Edmund
  7490 | D:6      | Reached ** piety under Makhleb
  7490 | D:6      | Reached skill level 5 in Invocations
  7541 | D:7      | Noticed Duvessa
  7541 | D:7      | Noticed Dowan
  7580 | D:7      | Found a deep blue altar of Sif Muna.
  7582 | D:7      | Noticed Prince Ribbit
  7599 | D:7      | HP: 2/80 [Prince Ribbit (11)]
  7600 | D:7      | Mangled by Prince Ribbit

Skill      XL: |  1  2  3  4  5  6  7  8  9 |
---------------+----------------------------+-----
Unarmed Combat | 3 4 6 8 9 10 | 10.7
Fighting       | 3 4 5 7 |  7.7
Invocations    | 1 3 5 |  5.1
Throwing       | |  0.8
Armour         | |  0.8
Dodging        | |  1.7
Spellcasting   | |  1.7
Translocations | |  2.6

Action                   |  1- 3 |  4- 6 |  7- 9 || total
-------------------------+-------+-------+-------++-------
Melee: Unarmed           |   106 |   231 |   386 ||   723
       Punch             |       |     5 |    13 ||    18
Throw: Tomahawk          |       |     1 |       ||     1
Invok: Minor Destruction |       |       |     1 ||     1
Evoke: Wand              |       |       |     1 ||     1
  Use: Scroll            |       |     2 |    11 ||    13
       Potion            |       |       |     3 ||     3
 Stab: Paralysed         |       |     1 |     5 ||     6
  Eat: Chunk             |    16 |    28 |    38 ||    82
Armor: Leather armour    |    18 |    36 |    28 ||    82
       Troll leather arm |       |       |    47 ||    47
Dodge: Dodged            |    48 |   110 |   223 ||   381
